AoeStats
← Ultimarte

African Clearing

504688478Analyzed
4v4 RM · 25d ago on Sep 6, 2026· 51m 22s· 8 players
Game mode
Random Map
Map size
Large (8 player)
Population
200
Speed
Normal
Resources
Standard
Victory
Conquest
Starting age
Dark Age
Ending age
Imperial Age
RankedLock teamsTeams togetherTeam positionsShared explorationLock speedFull tech treeHidden civsTurbo modeCheats
Victory
Defeat
🇨🇳 Vikings · China
1041
+12
🇨🇳 Saracens · China
964
+15
🇨🇳 Magyars · China
936
+16
🇨🇳 Franks · China
786
+22
🇺🇸 Armenians · United States
992
-19
🇹🇷 Britons · Türkiye
966
-17
🇺🇸 Bohemians · United States
903
-15
🇲🇽 Berbers · Mexico
891
-14
高老头子
10:30 Loom
13:26 Feudal Age
13:37 Man-at-Arms
15:56 Forging
16:09 Arson
17:18 Double-Bit Axe
17:41 Scale Mail Armor
22:57 Castle Age
21:52 Stone Mining
22:28 Fletching
24:48 Bow Saw
24:44 Gold Mining
27:30 Padded Archer Armor
29:06 Ballistics
29:59 Bodkin Arrow
32:45 Gambesons
34:34 Chain Mail Armor
35:46 Iron Casting
38:23 Chieftains
46:34 Imperial Age
45:57 Horse Collar
47:36 Conscription
46:37 Elite Berserk
47:54 Plate Mail Armor
48:25 Blast Furnace
47:02 Capped Ram
49:14 Heavy Plow
49:36 Siege Ram
精神老头
13:51 Feudal Age
15:02 Town Watch
17:47 Loom
21:50 Castle Age
21:50 Gold Mining
22:44 Husbandry
23:46 Gold Shaft Mining
35:12 Forging
35:07 Double-Bit Axe
40:03 Town Patrol
41:22 Wheelbarrow
44:28 Imperial Age
43:05 Hand Cart
43:11 Hand Cart
43:58 Iron Casting
43:29 Scale Barding Armor
44:36 Cavalier
46:24 Blast Furnace
46:58 Chain Barding Armor
46:53 Paladin
47:47 Chivalry
48:35 Caravan
49:26 Coinage
49:32 Bow Saw
开局一片田
11:44 Loom
13:52 Feudal Age
17:52 Castle Age
15:47 Double-Bit Axe
16:17 Gold Mining
18:01 Fletching
18:11 Padded Archer Armor
19:14 Bow Saw
23:45 Gold Shaft Mining
23:53 Bodkin Arrow
26:37 Horse Collar
28:41 Leather Archer Armor
28:49 Ballistics
29:31 Husbandry
33:39 Wheelbarrow
32:59 Stone Mining
33:52 Scale Barding Armor
38:15 Imperial Age
36:04 Hand Cart
35:56 Heavy Plow
36:30 Town Watch
38:40 Thumb Ring
40:23 Two-Man Saw
39:25 Bracer
39:56 Ring Archer Armor
39:54 Parthian Tactics
41:10 Chemistry
41:04 Conscription
40:45 Recurve Bow
42:48 Chain Barding Armor
43:45 Corvinian Army
44:03 Town Patrol
45:38 Recurve Bow
44:59 Elite Magyar Huszar
45:05 Elite Magyar Huszar
46:51 Bloodlines
46:08 Heavy Cavalry Archer
48:13 Treadmill Crane
49:15 Crop Rotation
48:45 Capped Ram
所以狼
14:58 Feudal Age
19:01 Castle Age
17:14 Double-Bit Axe
17:40 Horse Collar
21:22 Heavy Plow
22:08 Bow Saw
27:51 Gold Mining
27:52 Stone Mining
32:08 Imperial Age
30:36 Forging
30:32 Scale Barding Armor
31:31 Wheelbarrow
30:41 Loom
30:42 Town Watch
32:15 Iron Casting
32:38 Hand Cart
32:18 Elite Mameluke
33:20 Conscription
34:30 Gold Shaft Mining
35:52 Chemistry
36:32 Blast Furnace
35:53 Chain Barding Armor
38:51 Bloodlines
38:42 Husbandry
38:03 Light Cavalry
40:05 Plate Barding Armor
39:21 Fletching
41:28 Two-Man Saw
43:04 Hussar
43:47 Bodkin Arrow
43:52 Padded Archer Armor
44:17 Ballistics
45:04 Murder Holes
44:58 Arson
45:13 Squires
44:59 Gambesons
45:34 Leather Archer Armor
Dean
6:40 Loom
13:13 Feudal Age
19:57 Castle Age
18:12 Double-Bit Axe
18:02 Pikeman
24:18 Bow Saw
23:52 Elite Skirmisher
28:36 Horse Collar
29:58 Stone Mining
33:11 Wheelbarrow
33:17 Wheelbarrow
34:01 Fortified Wall
36:02 Gold Mining
37:37 Gold Shaft Mining
40:35 Halberdier
41:58 Crossbowman
43:22 Fletching
43:32 Padded Archer Armor
43:56 Ballistics
43:47 Fortified Wall
44:42 Hand Cart
44:13 Town Watch
47:20 Imperial Age
45:24 Forging
45:15 Scale Mail Armor
45:48 Man-at-Arms
46:37 Squires
47:57 Elite Genitour
48:02 Capped Ram
Sri harsha
14:33 Feudal Age
13:09 Loom
19:40 Castle Age
18:50 Double-Bit Axe
23:46 Bow Saw
27:42 Elite Skirmisher
30:55 Chemistry
33:51 Ballistics
34:27 Fletching
38:13 Bodkin Arrow
42:42 Imperial Age
42:52 Padded Archer Armor
42:43 Pikeman
43:24 Squires
43:53 Halberdier
46:17 Conscription
BearKing89
9:01 Loom
15:18 Feudal Age
20:08 Castle Age
19:18 Fletching
32:35 Husbandry
34:31 Bodkin Arrow
Ultimarte
17:40 Feudal Age
19:01 Wheelbarrow
18:43 Double-Bit Axe
20:51 Horse Collar
28:33 Castle Age
30:54 Heavy Plow
31:07 Bow Saw
33:19 Fletching
34:34 Yeomen
35:27 Bodkin Arrow
36:59 Husbandry
37:40 Gold Mining
38:41 Ballistics
39:18 Gold Shaft Mining
39:52 Hand Cart
40:51 Forging
40:44 Padded Archer Armor
42:31 Leather Archer Armor
44:01 Iron Casting
43:18 Town Watch
43:18 Treadmill Crane
44:21 Stone Mining
46:01 Scale Barding Armor
45:58 Murder Holes
51:52 Imperial Age
Connection lost

Rejoining the realm…

Still unreachable

The connection could not be restored.

Session expired

The server has moved on; the page needs a fresh start.